 Dungeon Crawl Stone Soup version 0.22-a0-565-gfc6459a524 (webtiles) character file.

34844 SirThoryn the Carver (level 13, -1/122 HPs)
             Began as a Minotaur Berserker on June 22, 2018.
             Was a High Priest of Trog.
             Slain by a two-headed ogre
             ... wielding a +0 giant club
              (14 damage)
             ... while paralysed by a floating eye
             ... on level 14 of the Dungeon on June 29, 2018.
             The game lasted 02:24:34 (17509 turns).

SirThoryn the Carver (Minotaur Berserker)          Turns: 17509, Time: 02:24:35

Health: -1/122     AC: 10    Str: 28    XL:     13   Next: 44%
Magic:  15/15      EV:  2    Int:  4    God:    Trog [*****.]
Gold:   760        SH:  0    Dex: 11    Spells: 12/12 levels left

rFire    . . .     SeeInvis +   I - +2 long sword (holy)
rCold    . . .     Gourm    .   o - +0 buckler
rNeg     + . .     Faith    .   K - +0 troll leather armour
rPois    .         Spirit   .   (helmet restricted)
rElec    .         Reflect  +   g - +0 cloak {MR+}
rCorr    .         Harm     .   z - +0 pair of gloves
MR       +++..                  G - +0 pair of boots
Stlth    +.........             t - +5 amulet of reflection
HPRegen  1.70/turn              w - ring "Zohesm" {Str+2 SInv}
MPRegen  0.14/turn              F - ring of positive energy

@: paralysed, berserk cooldown, regenerating, slowed
A: retaliatory headbutt, horns 2
a: Berserk, Trog's Hand, Brothers in Arms, Renounce Religion


You were on level 14 of the Dungeon.
You worshipped Trog.
Trog was extremely pleased with you.
You were not hungry.

You visited 2 branches of the dungeon, and saw 15 of its levels.
You also visited: Ice Cave.

You collected 760 gold pieces.

Inventory:

Hand Weapons
 B - a +4 antimagic long sword
 H - the cursed +1 demon blade of the Spinneret {pain, rN+ Int+5}
   (You found it in an ice cave)

   In the hands of one skilled in necromantic magic, it inflicts extra damage on
   living creatures.
   It affects your intelligence (+5).
   It protects you from negative energy.
   It has a curse placed upon it.
 I - a +2 long sword of holy wrath (weapon)
Armour
 a - a scarf of resistance
 g - a +0 cloak of magic resistance (worn)
 o - a +0 buckler (worn)
 z - a +0 pair of gloves (worn)
 C - +0 acid dragon scales
 G - a +0 pair of boots (worn)
 K - a +0 troll leather armour (worn)
Jewellery
 r - an uncursed ring of fire
 t - a +5 amulet of reflection (around neck)
 w - the ring "Zohesm" (left hand) {Str+2 SInv}
   (You found it in an ice cave)

   [ring of see invisible]

   It affects your strength (+2).
   It lets you see invisible.
 F - a ring of positive energy (right hand)
Wands
 h - a wand of disintegration (33)
 y - a wand of acid (7)
 E - a wand of paralysis (24)
Scrolls
 j - 6 scrolls of teleportation
 k - 2 scrolls of blinking
 l - a scroll of enchant armour
 m - 8 scrolls of remove curse
 n - a scroll of enchant weapon
 p - a scroll of fog
 s - 2 scrolls of fear {unknown}
 u - 5 scrolls of identify
 x - a scroll of acquirement
Potions
 b - 7 potions of curing
 d - 4 potions of heal wounds
 e - a potion of agility
 f - 2 potions of lignification
 i - 2 potions of berserk rage
 q - a potion of haste
 v - a potion of ambrosia
 A - a potion of flight
 D - a potion of mutation {unknown}
Comestibles
 c - 16 rations


   Skills:
 + Level 13.2 Fighting
 - Level 14.0 Long Blades
 + Level 11.0 Armour
 + Level 10.9 Dodging
 - Level 0.4 Stealth
 + Level 10.8 Shields
 - Level 5.0 Evocations


You had 12 spell levels left.
You didn't know any spells.
Your spell library contained the following spells:

 Spells                   Type           Power        Failure   Level  Hunger
 Magic Dart               Conj           #...         52%         1    ##.....
 Confuse                  Hex            #.......     88%         3    ####...
 Iskenderun's Mystic Bla  Conj           #.......     99%         4    #####..
 Tukima's Dance           Hex            #.......     88%         3    ####...
 Ensorcelled Hibernation  Hex/Ice        #.....       67%         2    ###....
 Corona                   Hex            #......      52%         1    ##.....
 Fulminant Prism          Conj/Hex       #.........   99%         4    #####..
 Dazzling Spray           Conj/Hex       #.....       88%         3    ####...
 Force Lance              Conj/Tloc      #.......     99%         4    #####..
 Searing Ray              Conj           #.....       67%         2    ###....


Dungeon Overview and Level Annotations

Branches:
Dungeon (14/15)            Temple (1/1) D:5            Lair (0/6) D:8
    Orc (0/2) D:11         Vaults (0/5) D:13

Altars:
Ashenzari
Cheibriados
Dithmenos
Elyvilon
Fedhas
Gozag
Hepliaklqana
Kikubaaqudgha
Makhleb
Nemelex Xobeh
Okawaru
Qazlal
Ru
Sif Muna
Trog
Uskayaw
Vehumet
Wu Jian
Xom
Yredelemnul
Zin
The Shining One

Shops:
D:9 *   D:10 *   D:14 (

Portals:
Trove: D:12 (give 9 potions of haste)


Innate Abilities, Weirdness & Mutations

You reflexively headbutt those who attack you in melee.
You have a pair of horns on your head.


Message History

The two-headed ogre is lightly wounded.
The ice beast hits you but does no damage.
The troll bites you.
* * * LOW HITPOINT WARNING * * *
You block the troll's attack. The troll claws you.
* * * LOW HITPOINT WARNING * * *
The two-headed ogre hits you with a giant club!
* * * LOW HITPOINT WARNING * * *
The two-headed ogre closely misses you.
You slash the two-headed ogre!
The two-headed ogre is moderately wounded.
The ice beast closely misses you.
You riposte.
You hit the ice beast.
The ice beast is lightly wounded.
The troll bites you.
* * * LOW HITPOINT WARNING * * *
You block the troll's attack. The troll barely misses you.
The floating eye gazes piercingly through you!
You suddenly lose the ability to move!
The two-headed ogre hits you with a giant club!
You die...

.8.∩.8#.# #..#
..⌠.⌠.#..# ##..#
#8.8.8##.#
##...## ##.####
.. ###..(..##
##.#
#..##........##
...##
.......(.....##..
.....
......J(........#
.....
......GO(###.$..#
#####
...()cY@.(.......
.#
...(.#T#.#.#.....
..# ###(########
...# #..# #O #
#... # ..# .#


You could see a centaur warrior, a two-headed ogre, a troll, an ice beast, a
jelly and a floating eye.

Vanquished Creatures
  A reaper (IceCv)
  A hydra (D:14)
  2 centaur warriors (D:14)
  4 two-headed ogres
  3 unseen horrors
  Pikel (D:8)
  A wizard (D:13)
  3 manticores
  2 cyclopes
  3 ugly things
  A deep elf mage (D:14)
  2 centaur zombies
  Psyche (D:11)
  2 ice statues (IceCv)
  A gargoyle (D:13)
  3 kobold demonologists (D:13)
  2 rime drakes (D:12)
  7 ice devils (IceCv)
  7 trolls
  8 slime creatures
  A hippogriff (D:10)
  A spriggan (D:10)
  A shadow (D:12)
  30 yaks
  A wyvern (D:10)
  A steam dragon (D:9)
  2 hungry ghosts
  5 vampire mosquitoes
  An acid dragon (D:10)
  2 water moccasins (D:9)
  5 orc warriors
  An ice beast (D:10)
  A hornet zombie (D:11)
  A black bear (D:8)
  3 necrophages (D:12)
  8 sky beasts
  5 phantoms
  An eye of draining (D:10)
  10 ogres
  8 centaurs
  5 big kobolds
  A wyvern zombie (D:14)
  10 bullfrogs
  5 scorpions
  A water moccasin skeleton (D:5)
  A wyvern skeleton (D:10)
  12 wights
  4 howler monkeys
  7 jellies
  13 crimson imps
  A quasit (D:8)
  A bullfrog zombie (D:10)
  5 hounds
  2 centaur skeletons
  8 orc priests
  2 bullfrog skeletons
  6 iguanas
  15 orc wizards
  9 worker ants
  A hound zombie (D:6)
  A hound skeleton (D:11)
  2 mummies (D:12)
  A howler monkey zombie (D:7)
  A worker ant zombie (D:5)
  A howler monkey skeleton (D:4)
  11 adders
  4 shadow imps
  8 white imps (IceCv)
  7 ufetubi (IceCv)
  An adder zombie (D:6)
  5 adder skeletons
  4 worms
  A dart slug (D:1)
  3 leopard geckos
  57 orcs
  4 giant cockroaches
  7 goblins
  7 hobgoblins
  19 jackals
  7 quokkas
  A ball python skeleton (D:5)
  6 bats
  4 frilled lizards
  A jackal skeleton (D:6)
  21 kobolds
  3 leopard gecko skeletons
  A quokka zombie (D:5)
  7 rats
  A withered plant (D:12)
448 creatures vanquished.

Vanquished Creatures (collateral kills)
  A hydra (D:11)
1 creature vanquished.

Vanquished Creatures (others)
  A slave (D:8)
  4 centaurs
  3 white imps (IceCv)
  2 ufetubi (IceCv)
10 creatures vanquished.

Grand Total: 459 creatures vanquished

Notes
Turn   | Place    | Note
-------+----------+-------------------------------------------
     0 | D:1      | SirThoryn the Minotaur Berserker began the quest for the Orb.
     0 | D:1      | Reached XP level 1. HP: 19/19 MP: 0/0
   265 | D:1      | Reached skill level 4 in Long Blades
   334 | D:1      | Reached XP level 2. HP: 27/27 MP: 1/1
  1602 | D:2      | Reached ** piety under Trog
  1843 | D:4      | Reached XP level 3. HP: 31/33 MP: 2/2
  1868 | D:4      | Reached XP level 4. HP: 15/41 MP: 3/3
  1872 | D:4      | Reached skill level 5 in Long Blades
  2009 | D:4      | Noticed a bullfrog
  2015 | D:4      | Reached XP level 5. HP: 30/47 MP: 4/4
  2027 | D:4      | Noticed an ogre
  2035 | D:4      | Killed an ogre
  2035 | D:4      | Reached skill level 5 in Fighting
  2035 | D:4      | Reached XP level 6. HP: 21/56 MP: 5/5
  2128 | D:4      | Reached skill level 6 in Long Blades
  2189 | D:4      | Reached XP level 7. HP: 39/61 MP: 6/6
  2260 | D:4      | Reached skill level 7 in Long Blades
  2260 | D:4      | Reached skill level 1 in Shields
  2492 | D:4      | Reached skill level 5 in Armour
  2893 | D:3      | Found a hazy altar of Hepliaklqana.
  3787 | D:3      | Reached *** piety under Trog
  3844 | D:5      | Entered Level 5 of the Dungeon
  3844 | D:5      | Found an ornate altar of the Wu Jian Council.
  4086 | D:5      | Found a staircase to the Ecumenical Temple.
  4096 | D:5      | Reached skill level 5 in Dodging
  4096 | D:5      | Reached XP level 8. HP: 67/70 MP: 7/7
  4114 | Temple   | Entered the Ecumenical Temple
  4419 | D:5      | Reached skill level 8 in Long Blades
  4456 | D:5      | Found a radiant altar of Vehumet.
  4489 | D:5      | Found a shadowy altar of Dithmenos.
  4857 | D:5      | Found a hazy altar of Hepliaklqana.
  5087 | D:6      | Found a sparkling altar of Nemelex Xobeh.
  5089 | D:6      | Found a deep blue altar of Sif Muna.
  5232 | D:6      | Reached **** piety under Trog
  5364 | D:6      | Reached skill level 9 in Long Blades
  5379 | D:6      | Got a smoking dagger {pierce}
  5380 | D:6      | Identified the +9 dagger of the Magic Mushroom {pierce, rC- Int+3} (You took it off an orc warrior on level 6 of the Dungeon)
  5500 | D:6      | Reached XP level 9. HP: 77/78 MP: 8/8
  5626 | D:6      | Reached skill level 1 in Evocations
  6018 | D:7      | Reached skill level 5 in Shields
  6319 | D:7      | Reached ***** piety under Trog
  6506 | D:8      | Noticed a two-headed ogre
  6518 | D:8      | HP: 2/118 [two-headed ogre/giant club (9)]
  6520 | D:8      | Killed a two-headed ogre
  6520 | D:8      | Reached skill level 10 in Long Blades
  7003 | D:8      | Reached XP level 10. HP: 73/88 MP: 11/11
  7099 | D:8      | Found a staircase to the Lair.
  7888 | D:9      | Found Cigop's Assorted Antiques.
  7902 | D:10     | Entered Level 10 of the Dungeon
  7911 | D:9      | Noticed a two-headed ogre
  7922 | D:9      | Killed a two-headed ogre
  8000 | D:9      | Reached skill level 11 in Long Blades
  8008 | D:9      | Received a gift from Trog
  9023 | D:8      | Noticed Pikel
  9030 | D:8      | Killed Pikel
  9080 | D:8      | Found a hide-covered altar of Uskayaw.
  9513 | D:10     | Identified a scroll of acquirement
  9536 | D:10     | Noticed an unseen horror
  9537 | D:10     | Noticed an unseen horror
  9540 | D:10     | Killed an unseen horror
  9542 | D:10     | Killed an unseen horror
  9542 | D:10     | Reached skill level 5 in Evocations
  9542 | D:10     | Reached XP level 11. HP: 95/95 MP: 4/13
  9666 | D:10     | Reached skill level 12 in Long Blades
  9720 | D:10     | HP: 4/97 [orc priest/divine providence (17)]
 10465 | D:10     | Found Vestriomm's Assorted Antiques.
 10667 | D:11     | Noticed Psyche
 10676 | D:11     | Killed Psyche
 11081 | D:12     | Received a gift from Trog
 11084 | D:12     | Reached skill level 13 in Long Blades
 11178 | D:12     | Found a frozen archway.
 11201 | IceCv    | Entered an ice cave
 11690 | IceCv    | Reached skill level 10 in Fighting
 12422 | IceCv    | Noticed a reaper
 12437 | IceCv    | Killed a reaper
 12437 | IceCv    | Reached XP level 12. HP: 106/107 MP: 4/14
 12445 | IceCv    | Got a fine wooden ring
 12452 | IceCv    | Got a jewelled demon blade
 12475 | IceCv    | Identified the ring "Zohesm" {Str+2 SInv} (You found it in an ice cave)
 12477 | IceCv    | Identified the cursed +1 demon blade of the Spinneret {pain, rN+ Int+5} (You found it in an ice cave)
 12831 | D:12     | Found a shadowy altar of Dithmenos.
 12847 | D:12     | Reached skill level 14 in Long Blades
 13363 | D:12     | Reached skill level 10 in Armour
 14046 | D:12     | Found a portal to a secret trove of treasure.
 14160 | D:11     | Noticed an eight-headed hydra
 14574 | D:11     | Found a staircase to the Orcish Mines.
 15069 | D:11     | Found a shimmering altar of Xom.
 15083 | D:11     | Killed an 11-headed hydra
 15138 | D:11     | Noticed a two-headed ogre
 15145 | D:11     | Killed a two-headed ogre
 15469 | D:11     | Reached skill level 10 in Dodging
 16055 | D:13     | Reached XP level 13. HP: 90/119 MP: 5/15
 16330 | D:13     | Found a gate to the Vaults.
 17063 | D:14     | Reached skill level 10 in Shields
 17066 | D:14     | Received a gift from Trog
 17097 | D:14     | Found Zihireun's Antique Weapon Boutique.
 17262 | D:14     | Upgraded the game from 0.22-a0-537-ge9e9f76342 to 0.22-a0-565-gfc6459a524
 17500 | D:14     | Paralysed by a floating eye for 2 turns
 17509 | D:14     | Paralysed by a floating eye for 3 turns
 17509 | D:14     | Slain by a two-headed ogre

Vault maps used:
D:1:      matt_arrival_refuge
D:3:      lemuel_round_altar
D:4:      cheibrodos_sewer_entry_bend
D:5:      lemuel_doored_altar, kennysheep_mini, overflow_temple_1_default,
          minmay_temple_entry_glass, first_ration, minmay_ruined_shrine
D:6:      minitemple
D:7:      minmay_nine_imps
D:8:      lair_entry_dummy, basic_altar, uniq_pikel
D:9:      serial_shops, shop, serial_glass, glass_columns_a, glass_columns_a,
          glass_columns_b, glass_columns_c, minmay_misc_feat_plants
D:10:     serial_shops, kennysheep_little_box, the_bakery,
          lightli_fourway_metalbox
D:11:     david_orc_2, minmay_misc_feat_pillars, david_defended_altar_elf,
          uniq_psyche
D:12:     basic_altar, portal_ice_cave_rime, serial_undead, serial_undead_c,
          serial_undead_d, serial_undead_d, serial_undead_e, enter_trove_1
D:13:     david_vaults_1
D:14:     serial_shops, shop, shop, nicolae_shop_temple_entry_statues_fountains,
          nicolae_shop_temple_entry_statues_fountains, basic_altar,
          onia_ninara_cookie, uniq_azrael
Temple:   eino_temple_rhombus
IceCv:    ice_cave_small_demon

Skill      XL: |  1  2  3  4  5  6  7  8  9 10 11 12 13 |
---------------+----------------------------------------+-----
Long Blades    | 4 5 6 7 9 10 11 13 14 | 14.0
Fighting       | 4 5 6 7 8 10 12 13 | 13.2
Armour         | 3 4 5 6 7 9 10 11 | 11.0
Dodging        | 3 4 5 7 8 10 | 10.9
Shields        | 2 4 5 7 9 10 | 10.8
Evocations     | 3 5 |  5.0
Stealth        | |  0.4

Action                   |  1- 3 |  4- 6 |  7- 9 | 10-12 | 13-15 || total
-------------------------+-------+-------+-------+-------+-------++-------
Melee: Falchion          |    57 |    37 |   472 |    40 |       ||   606
       Headbutt          |    10 |     7 |    88 |   227 |    47 ||   379
       Long sword        |       |       |       |   754 |   132 ||   886
Invok: Berserk           |       |     2 |     6 |     8 |     2 ||    18
       Trog's Hand       |       |     2 |     4 |     7 |     2 ||    15
       Brothers in Arms  |       |       |       |     4 |       ||     4
  Use: Scroll            |     7 |     1 |     5 |    13 |       ||    26
       Potion            |       |       |       |     4 |       ||     4
  Eat: Chunk             |     3 |     4 |    12 |    22 |     2 ||    43
       Ration            |       |       |     3 |     7 |     1 ||    11
Armor: Animal skin       |     6 |       |       |       |       ||     6
       Ring mail         |    14 |     9 |    46 |       |       ||    69
       Leather armour    |     1 |       |       |       |       ||     1
       Chain mail        |       |       |    97 |    21 |       ||   118
       Steam dragon scal |       |       |       |    20 |       ||    20
       Acid dragon scale |       |       |       |   105 |    12 ||   117
       Troll leather arm |       |       |       |       |    26 ||    26
Dodge: Dodged            |    28 |    22 |   158 |   293 |   112 ||   613
Block: Buckler           |       |     9 |   166 |   297 |    87 ||   559
       Reflection        |       |       |     7 |    12 |    16 ||    35
       Rpst.: Falchion   |     6 |     6 |    49 |     7 |       ||    68
       Long sword        |       |       |       |    61 |    22 ||    83

Table legend:
 A = Spawn XP
 B = Non-spawn XP
 C = Spawn XP percentage of total XP
 D = Spawn monster count
 E = Non-spawn monster count
 F = Spawn count percentage of total count
 G = Total turns spent on level
                    A         B        C        D         E        F      G
               +---------+---------+-------+---------+---------+-------+---------
         Total |       0 |   49778 |   0.0 |       0 |     452 |   0.0 | 17509
               +---------+---------+-------+---------+---------+-------+---------
           D:1 |       0 |      24 |   0.0 |       0 |      14 |   0.0 |   968
           D:2 |       0 |      16 |   0.0 |       0 |      11 |   0.0 |   833
           D:3 |       0 |      44 |   0.0 |       0 |      23 |   0.0 |   976
           D:4 |       0 |    1152 |   0.0 |       0 |      40 |   0.0 |  1067
           D:5 |       0 |     793 |   0.0 |       0 |      27 |   0.0 |   904
           D:6 |       0 |    1024 |   0.0 |       0 |      29 |   0.0 |   829
           D:7 |       0 |    1166 |   0.0 |       0 |      34 |   0.0 |   774
           D:8 |       0 |    2795 |   0.0 |       0 |      21 |   0.0 |  1793
           D:9 |       0 |    3217 |   0.0 |       0 |      17 |   0.0 |  1202
          D:10 |       0 |    4594 |   0.0 |       0 |      58 |   0.0 |  1760
          D:11 |       0 |    8687 |   0.0 |       0 |      60 |   0.0 |  1464
          D:12 |       0 |    8293 |   0.0 |       0 |      44 |   0.0 |  1793
          D:13 |       0 |    5716 |   0.0 |       0 |      30 |   0.0 |  1039
          D:14 |       0 |    7412 |   0.0 |       0 |      19 |   0.0 |   453
         IceCv |       0 |    4845 |   0.0 |       0 |      25 |   0.0 |  1503
               +---------+---------+-------+---------+---------+-------+---------
